[Event "*** Qualifier 1: Titled Tuesday 3|2 Blitz"]
[Site "Chess.com"]
[Date "2017.04.04"]
[Round "2"]
[White "superjem123"]
[Black "jcibarra"]
[Result "0-1"]
[WhiteElo "2494"]
[BlackElo "2664"]
[TimeControl "180+2"]
[EndTime "13:22:22 PDT"]
[Termination "jcibarra won by resignation"]

1. c4 e5 2. g3 Nc6 3. Bg2 Bc5 4.
Nc3 d6 5. e3 a6 6. Nf3 Ba7 7.
O-O Nge7 8. d4 exd4 9. exd4 Bg4 10. d5 Ne5 11. h3 Nxf3+ 12. Bxf3 Bxh3 13. Re1 O-O 14. Bg5 f6 15. Be3 Bxe3 16. Rxe3 Ng6 17. Be4 f5 18. Bc2 Bg4 19. Qd4 f4 20. gxf4 Rxf4 21. Qd2 Bf3 22. Rxf3 Rxf3 23. Bxg6 hxg6 24. Kg2 Qf6 25. Ne4 Qf4 26. Qe2 Qg4+ 27. Ng3 Rxg3+ 0-1

[Event "*** Qualifier 1: Titled Tuesday 3|2 Blitz"]
[Site "Chess.com"]
[Date "2017.04.04"]
[Round "2"]
[White "pKiLz5Rn9b"]
[Black "AnkitGajwa"]
[Result "1-0"]
[WhiteElo "2614"]
[BlackElo "1421"]
[TimeControl "180+2"]
[EndTime "13:22:28 PDT"]
[Termination "pKiLz5Rn9b won on time"]

1. d4 Nf6 2. Nf3 g6 3. Nbd2 Bg7 4. e4 d6 5. c3 O-O 6. Be2 Nbd7 7. O-O e5 8. dxe5 Nxe5 9. Nxe5 dxe5 10. Qc2 b6 11.
a4 a5 12. Rd1 Qe7 13. b3 Rd8 14. Ba3 Qe8 15. Bb5 Bd7 16. Bxd7 Rxd7 17. Nc4 Rad8 18. f3 Bf8 19. Bxf8 Kxf8 20. Rxd7 Rxd7 21. Rd1 Rxd1+ 22.
Qxd1 Qd7 23. Qxd7 Nxd7 24. b4 f6 25. Kf2 Ke7 26. Ke3 axb4 27. cxb4 Nb8 28. Kd3 Nc6 29. Kc3 Ke6 30. Ne3 Nb8 31. Nd5 Na6 32. Kc4 f5 33.
Kb5 fxe4 34. fxe4 Nb8 35. Nxc7+ Kd6 36. Nd5 Nc6 37. Kxb6 h5 38. a5 g5 39. a6 1-0

[Event "*** Qualifier 1: Titled Tuesday 3|2 Blitz"]
[Site "Chess.com"]
[Date "2017.04.04"]
[Round "2"]
[White "Grebeniuk-S"]
[Black "GMHess"]
[Result "0-1"]
[WhiteElo "2428"]
[BlackElo "2606"]
[TimeControl "180+2"]
[EndTime "13:22:34 PDT"]
[Termination "GMHess won by resignation"]

1. d4 g6 2. Nf3 Bg7 3. c3 d5 4. Bg5 Nf6 5. Nbd2 O-O 6. e3 Re8 7.
Be2 Nbd7 8. O-O c6 9. c4 Ne4 10. Bh4 Nd6 11. cxd5 cxd5 12. Rc1 Nf5 13. Bg5 Qa5 14.
a3 e5 15. dxe5 Nxe5 16. Nb3 Qa4 17. Nfd4 Nc4 18. Nxf5 Bxf5 19. Qxd5 Be6 20. Nc5 Qa5 21. Qxb7 Qxc5 22. Bf4 Qb6 23. Qxb6 Nxb6 24. b4 Bb2 25.
Rc7 Nd5 26. Rc2 Nxf4 27. Rxb2 Nxe2+ 0-1

[Event "*** Qualifier 1: Titled Tuesday 3|2 Blitz"]
[Site "Chess.com"]
[Date "2017.04.04"]
[Round "2"]
[White "BogdanDeac"]
[Black "geeeeri"]
[Result "1-0"]
[WhiteElo "2366"]
[BlackElo "2301"]
[TimeControl "180+2"]
[EndTime "13:22:35 PDT"]
[Termination "BogdanDeac won by resignation"]

1. e4 e6 2. d3 d5 3. Qe2 Nf6 4. g3 c5 5. Bg2 Nc6 6. exd5 Nxd5 7. Nf3 Be7 8. O-O O-O 9. Rd1 Qc7 10. d4 b6 11. c4 Nf6 12. Bf4 Bd6 13. Bg5 Bb7 14. Bxf6 gxf6 15. Nc3 a6 16. d5 Ne5 17. Ne4 Nxf3+ 18. Qxf3 f5 19. Nxd6 Qxd6 20. dxe6 Bxf3 21. Rxd6 Bxg2 22. Kxg2 fxe6 23. Rxe6 Rab8 24. Rd1 Rf7 25. Rdd6 b5 26. cxb5 axb5 27. b3 f4 28. gxf4 Rxf4 29.
Re7 c4 30. Rdd7 cxb3 31. Rg7+ Kf8 32. axb3 Rg4+ 33. Rxg4 1-0

[Event "*** Qualifier 1: Titled Tuesday 3|2 Blitz"]
[Site "Chess.com"]
[Date "2017.04.04"]
[Round "2"]
[White "A-Fier"]
[Black "HovmoellerHest"]
[Result "1-0"]
[WhiteElo "2485"]
[BlackElo "2212"]
[TimeControl "180+2"]
[EndTime "13:22:40 PDT"]
[Termination "A-Fier won by resignation"]

1. e4 c5 2. Nf3 d6 3. d4 cxd4 4.
Nxd4 Nf6 5. Nc3 e5 6. Nf5 Nxe4 7. Bb5+ Nc6 8. Nxg7+ Bxg7 9. Nxe4 d5 10. Nd2 O-O 11. O-O Nd4 12. Ba4 Kh8 13. c3 Ne6 14. Nf3 e4 15.
Nd4 Nxd4 16. cxd4 f5 17. f4 Bd7 18. Bb3 Bb5 19. Re1 Rc8 20. Be3 Bd3 21. Rc1 Qb6 22. Bxd5 Bxd4 23. Qd2 Rcd8 24. Bb3 Rf6 25. Kh1 Rfd6 26.
Bxd4+ Qxd4 27. Qa5 e3 28. Qe5+ Qxe5 29. fxe5 Rd4 30.
Rxe3 Be4 31. h3 Rd2 32. Rg3 f4 33. Rg4 h5 34. Rg5 f3 35. gxf3 Bxf3+ 36. Kg1 Kh7 37.
Rf1 Kh6 38. h4 R8d4 39. Rxf3 Rxh4 40. Rg2 Re4 41. Rxd2 1-0

[Event "*** Qualifier 1: Titled Tuesday 3|2 Blitz"]
[Site "Chess.com"]
[Date "2017.04.04"]
[Round "2"]
[White "GMOratovsky"]
[Black "FelixBlohberger"]
[Result "1-0"]
[WhiteElo "2361"]
[BlackElo "2214"]
[TimeControl "180+2"]
[EndTime "13:22:52 PDT"]
[Termination "GMOratovsky won on time"]

1. e4 c5 2. Nf3 d6 3. Bb5+ Bd7 4. Bxd7+ Qxd7 5. c4 Qg4 6. O-O Qxe4 7. d4 cxd4 8. Nxd4 Nc6 9. Nb5 Rc8 10. Re1 Nf6 11.
Rxe4 Nxe4 12. N1c3 Nc5 13. b3 g6 14. Qe2 Ne6 15. Nd5 Bg7 16. Bb2 O-O 17. Bxg7 Kxg7 18. Rd1 a6 19. Nbc3 h5 20. h3 Rfe8 21. Nb6 Rcd8 22.
Ncd5 Ned4 23. Qb2 e5 24. Nc7 Re7 25. Nbd5 Red7 26. b4 b5 27. Nxa6 bxc4 28. b5 Rb7 29. a4 Ra8 30. Qa1 h4 31. bxc6 Rba7 32. Rxd4 Rxa6 33.
Rxc4 1-0

[Event "*** Qualifier 1: Titled Tuesday 3|2 Blitz"]
[Site "Chess.com"]
[Date "2017.04.04"]
[Round "2"]
[White "Fiona"]
[Black "ecwinslow"]
[Result "1-0"]
[WhiteElo "2312"]
[BlackElo "2073"]
[TimeControl "180+2"]
[EndTime "13:22:55 PDT"]
[Termination "Fiona won on time"]

1. e4 c5 2. Nc3 g6 3. f4 Bg7 4.
Nf3 d6 5. Bc4 Nc6 6. d3 Nf6 7.
O-O O-O 8. Qe1 e6 9. f5 Nd4 10. Qh4 Nxc2 11. Bg5 b5 12. Bb3 Nxa1 13. e5 Nxb3 14.
exf6 Bh8 15. axb3 d5 16. fxg6 hxg6 17. Ne5 Qd6 18. Ng4 Rd8 19. Nh6+ Kf8 20. Nf5 Ke8 21.
Nxd6+ Kd7 22. Nxf7 1-0

[Event "*** Qualifier 1: Titled Tuesday 3|2 Blitz"]
[Site "Chess.com"]
[Date "2017.04.04"]
[Round "2"]
[White "oggy1984"]
[Black "johnathan113"]
[Result "0-1"]
[WhiteElo "2293"]
[BlackElo "2394"]
[TimeControl "180+2"]
[EndTime "13:22:56 PDT"]
[Termination "johnathan113 won on time"]

1. Nf3 g6 2. c4 Nf6 3. Nc3 Bg7 4. d4 O-O 5. e4 d6 6. Be2 Na6 7. O-O e5 8. Be3 h6 9. h3 exd4 10. Nxd4 Re8 11. f3 Nh5 12. Qd2 Ng3 13. Rfd1 Qh4 14.
Bf1 Nc5 15. b4 Nxf1 16. Kxf1 Ne6 17. Rac1 c6 18. Nce2 Kh7 19. Bf2 Qe7 20. Nxe6 Bxe6 21. Nf4 Rad8 22. Nxe6 Qxe6 23. Bxa7 Ra8 24. Bf2 Be5 25. Rc2 Ra4 26. f4 Bg7 27. Qxd6 Qxe4 28. Re1 Qxc2 29. Rxe8 Rxa2 30. Qc5 Bc3 31. Re7 Ra1+ 32.
Be1 Qd3+ 0-1

[Event "*** Qualifier 1: Titled Tuesday 3|2 Blitz"]
[Site "Chess.com"]
[Date "2017.04.04"]
[Round "2"]
[White "BjarkeSahl"]
[Black "MorpheusPro"]
[Result "1-0"]
[WhiteElo "2168"]
[BlackElo "2077"]
[TimeControl "180+2"]
[EndTime "13:22:58 PDT"]
[Termination "BjarkeSahl won by resignation"]

1. d4 d5 2. Nf3 Bf5 3. Bf4 e6 4.
e3 Nf6 5. Bd3 Bg6 6. Ne5 Bxd3 7.
cxd3 Nbd7 8. O-O c6 9. Nd2 Be7 10. h3 O-O 11. Bh2 c5 12. dxc5 Nxc5 13. d4 Nce4 14. f3 Nxd2 15. Qxd2 Bd6 16. Ng4 Nxg4 17. hxg4 Bxh2+ 18. Kxh2 Rc8 19. Kg3 Rc6 20. Rfc1 Qc7+ 21. f4 Rc8 22. Rxc6 Qxc6 23. Re1 h6 24. Re2 Qc4 25. a3 Qb3 26. Kf3 Rc4 27. g3 Qb5 28. Rh2 Rc6 29. g5 hxg5 30. fxg5 Qf1+ 31. Qf2 Qb1 32.
Kg4 Rc1 33. Qf4 Rc8 34. Rf2 Qd1+ 35. Qf3 Qb1 36. Qxf7+ 1-0

[Event "*** Qualifier 1: Titled Tuesday 3|2 Blitz"]
[Site "Chess.com"]
[Date "2017.04.04"]
[Round "2"]
[White "Cryptochess"]
[Black "Durarbayli"]
[Result "0-1"]
[WhiteElo "2438"]
[BlackElo "2629"]
[TimeControl "180+2"]
[EndTime "13:23:10 PDT"]
[Termination "Durarbayli won by checkmate"]

1. e4 c5 2. Nc3 Nc6 3. g3 g6 4. Bg2 Bg7 5. d3 e6 6. Be3 d6 7. Qd2 Nd4 8. Nge2 Rb8 9. a4 Bd7 10.
O-O a6 11. Nc1 h5 12. Nd1 h4 13. c3 Nc6 14. d4 cxd4 15. cxd4 Nge7 16. Nc3 Na5 17. Bf4 Nc4 18. Qe2 Rc8 19. Rd1 hxg3 20.
hxg3 Qb6 21. b3 Bxd4 22. bxc4 Bxc3 23. Rxd6 Qc5 24. Ra2 e5 25. Rxd7 exf4 26. Rxb7 fxg3 27. Nd3 gxf2+ 28. Qxf2 Qxc4 29. Qe2 Bd4+ 30. Kf1 Qc6 31.
e5 Qe6 32. Rc2 O-O 33. Nf4 Qf5 34. Rxc8 Rxc8 35. Rxe7 Qxf4+ 36. Bf3 Rc1+ 37. Kg2 Rg1+ 38. Kh3 Qg3# 0-1

[Event "*** Qualifier 1: Titled Tuesday 3|2 Blitz"]
[Site "Chess.com"]
[Date "2017.04.04"]
[Round "2"]
[White "rubhani"]
[Black "jposthuma"]
[Result "1-0"]
[WhiteElo "2407"]
[BlackElo "2240"]
[TimeControl "180+2"]
[EndTime "13:23:16 PDT"]
[Termination "rubhani won by resignation"]

1. e4 c6 2. d4 d5 3. e5 c5 4. dxc5 Nc6 5. Nf3 Bg4 6. c3 e6 7. Bb5 Bxc5 8. Bf4 Bxf2+ 9. Kxf2 Qb6+ 10. Kg3 Qxb5 11. Kxg4 Qxb2 12. Nbd2 Nge7 13. Qb3 Qxb3 14. axb3 Nf5 15. Kh3 h5 16. b4 f6 17. exf6 gxf6 18. b5 Nce7 19. Nd4 e5 20. Nxf5 Nxf5 21. Bg3 Kf7 22.
Rhf1 Ke6 23. Bf2 h4 24. Rxa7 Rag8 25. Rxb7 e4 26. Rb6+ Kf7 27. Bd4 Rg3+ 28. hxg3 hxg3+ 29. Kg4 1-0

[Event "*** Qualifier 1: Titled Tuesday 3|2 Blitz"]
[Site "Chess.com"]
[Date "2017.04.04"]
[Round "2"]
[White "Sebastian"]
[Black "SantoBlue"]
[Result "0-1"]
[WhiteElo "2605"]
[BlackElo "2527"]
[TimeControl "180+2"]
[EndTime "13:23:17 PDT"]
[Termination "SantoBlue won by resignation"]

1. e4 g6 2. d4 Bg7 3. Nc3 d6 4. Be3 a6 5. Qd2 b5 6. O-O-O Nd7 7. h4 h6 8. h5 g5 9. f4 gxf4 10.
Bxf4 e6 11. Nf3 Bb7 12. Bd3 b4 13. Ne2 Ngf6 14. Ng3 a5 15. Rhe1 Qe7 16. Kb1 Nb6 17.
Bb5+ Kf8 18. Bd3 Rd8 19. Nh4 Qd7 20. Qf2 a4 21. e5 Nfd5 22. Bc1 Ke8 23. Ngf5 Bf8 24.
Qg3 Ra8 25. Ng6 fxg6 26. hxg6 exf5 27. exd6+ Kd8 28. Qe5 Bg7 29. Qh2 cxd6 30. Qh3 Rf8 31. Bxh6 Kc7 32. Bg5 f4 33. Qh4 Rh8 34. Qf2 Rae8 35. g3 fxg3 36. Qxg3 Rxe1 37. Qxe1 a3 38. Bd2 axb2 39. Bxb4 Qa4 40. Bc3 Ra8 41. Bxb2 Qxa2+ 42. Kc1 Bh6+ 43. Rd2 Na4 0-1

[Event "*** Qualifier 1: Titled Tuesday 3|2 Blitz"]
[Site "Chess.com"]
[Date "2017.04.04"]
[Round "2"]
[White "Bugcrusher"]
[Black "agser"]
[Result "1-0"]
[WhiteElo "2468"]
[BlackElo "2614"]
[TimeControl "180+2"]
[EndTime "13:23:18 PDT"]
[Termination "Bugcrusher won by resignation"]

1. d4 Nf6 2. c4 e6 3. Nc3 Bb4 4. a3 Bxc3+ 5. bxc3 d6 6. e3 c5 7. Bd3 O-O 8. Ne2 Ne8 9. e4 Nc6 10.
O-O f5 11. exf5 exf5 12. Nf4 cxd4 13. cxd4 Nxd4 14. Bb2 Ne6 15. Nd5 N8c7 16. Bc2 Kh8 17. Re1 Bd7 18. Qd2 Rc8 19. Rad1 Rf7 20. Nxc7 Qxc7 21.
Qxd6 Qxc4 22. Bxf5 Rc6 23. Bxe6 Rxd6 24. Bxc4 Re7 25. h4 Rxd1 26. Rxd1 h6 27. h5 Kh7 28. Bd3+ Kg8 29. Bg6 Kf8 30. Bc3 a5 31. Bxa5 1-0

[Event "*** Qualifier 1: Titled Tuesday 3|2 Blitz"]
[Site "Chess.com"]
[Date "2017.04.04"]
[Round "2"]
[White "IMRosen"]
[Black "gmcorrales"]
[Result "0-1"]
[WhiteElo "2228"]
[BlackElo "2571"]
[TimeControl "180+2"]
[EndTime "13:23:20 PDT"]
[Termination "gmcorrales won by resignation"]

1. d4 Nf6 2. Bf4 g6 3. Nc3 Bg7 4.
e4 d6 5. Nf3 a6 6. a4 Bg4 7. Bc4 O-O 8. h3 Bxf3 9. Qxf3 Nc6 10.
Rd1 Nd7 11. Qe3 e5 12. dxe5 Ndxe5 13. Ba2 Nb4 14. Bb1 Nc4 15. Qc1 Qf6 16. O-O Nxb2 17. Qxb2 Qxc3 18. Qxc3 Bxc3 19. Bd2 Bxd2 20. Rxd2 b5 21.
c3 Nc6 22. Bd3 bxa4 23. Ra1 Ne5 24. Be2 Nd7 25. Rxa4 Nc5 26. Rad4 a5 27. Ra2 Rfb8 28. e5 dxe5 29. Rd5 Ne4 30. Raxa5 Rxa5 31. Rxa5 Nxc3 32. Rxe5 Rb1+ 33. Kh2 Re1 34. Re8+ Kg7 35. Bb5 Rxe8 36. Bxe8 Ne4 37. f3 Nd6 38. Bc6 Kf6 39. f4 Nf5 40. g4 Nd4 41. Ba4 Ne2 42. f5 gxf5 43. gxf5 Nd4 44. Kg3 Kxf5 45. Bd1 h6 46. Bg4+ Ke5 47. Kf2 f5 48. Bh5 f4 49. Be8 c5 50.
Bf7 Nf5 51. Bc4 Nd6 52. Be2 c4 53. Kf3 c3 54. Bd3 Nf5 55. Ke2 Nd4+ 56. Kd1 f3 57.
h4 Kf4 58. h5 Ke3 59. Bc4 Ne2 60. Ke1 Nf4 61. Kd1 Nxh5 0-1

[Event "*** Qualifier 1: Titled Tuesday 3|2 Blitz"]
[Site "Chess.com"]
[Date "2017.04.04"]
[Round "2"]
[White "pastouche06"]
[Black "macko06"]
[Result "0-1"]
[WhiteElo "2299"]
[BlackElo "2330"]
[TimeControl "180+2"]
[EndTime "13:23:22 PDT"]
[Termination "macko06 won by checkmate"]

1. c4 e5 2. Nc3 Nf6 3. Nf3 Nc6 4. e4 Bb4 5. d3 O-O 6. g3 d6 7. Bg2 Bxc3+ 8. bxc3 a6 9. O-O b5 10. cxb5 axb5 11. Re1 h6 12. d4 Re8 13. Qb3 Rb8 14. d5 Ne7 15. a4 Bd7 16. a5 c5 17.
dxc6 Bxc6 18. Qb4 Qc7 19. Ba3 Red8 20. Nxe5 dxe5 21. Qxe7 Rd7 22. Qc5 Qb7 23. Bb4 Nxe4 24. Bxe4 Bxe4 25. a6 Qa8 26. Qxe5 Bh1 27. f3 Bxf3 28.
a7 Rbd8 29. Qe3 Bh1 30. Re2 Rd1+ 31. Rxd1 Rxd1+ 32. Re1 Qg2# 0-1

[Event "*** Qualifier 1: Titled Tuesday 3|2 Blitz"]
[Site "Chess.com"]
[Date "2017.04.04"]
[Round "2"]
[White "GianmarcoVaR"]
[Black "Kawhi_Leonard2"]
[Result "1-0"]
[WhiteElo "2422"]
[BlackElo "2216"]
[TimeControl "180+2"]
[EndTime "13:23:23 PDT"]
[Termination "GianmarcoVaR won on time"]

1. d4 Nf6 2. c4 c5 3. d5 e6 4. Nc3 exd5 5. cxd5 d6 6. e4 g6 7. Nf3 Bg7 8. Bb5+ Nbd7 9. Bf4 Qe7 10.
O-O O-O 11. Re1 Nh5 12. Bg5 Bf6 13. Bxf6 Qxf6 14. a4 Ne5 15. Nxe5 Qxe5 16. g3 a6 17. Be2 Nf6 18. f4 Qd4+ 19. Kg2 Re8 20. Bf3 h5 21. h3 Bd7 22. e5 dxe5 23. fxe5 Rxe5 24. Qxd4 cxd4 25.
Rxe5 dxc3 26. bxc3 Rc8 27. Re3 Rc5 28. d6 b6 29. Rb1 b5 30. a5 Kf8 31. Bb7 Bc6+ 32. Bxc6 Rxc6 33. Rd1 1-0

[Event "*** Qualifier 1: Titled Tuesday 3|2 Blitz"]
[Site "Chess.com"]
[Date "2017.04.04"]
[Round "2"]
[White "AkshatChandra"]
[Black "Iball95"]
[Result "1-0"]
[WhiteElo "2645"]
[BlackElo "2475"]
[TimeControl "180+2"]
[EndTime "13:23:27 PDT"]
[Termination "AkshatChandra won by checkmate"]

1. e4 c6 2. d4 d5 3. e5 Bf5 4. h4 h5 5. c4 e6 6. Nc3 Nd7 7. cxd5 cxd5 8. Bd3 Ne7 9. Nb5 Nc6 10.
Bxf5 exf5 11. Ne2 Bb4+ 12. Bd2 Be7 13. g3 a6 14. Nbc3 Nb6 15. O-O g6 16. b3 Qd7 17.
Be3 Nd8 18. Nf4 Ne6 19. Nce2 O-O 20. Qd2 a5 21. Nxe6 fxe6 22. Bg5 Rfc8 23. Rfc1 a4 24. Bxe7 Qxe7 25. Qh6 Qg7 26. Qg5 Re8 27. Nf4 Kh7 28. Rab1 axb3 29. Rxb3 Nc4 30. Nxg6 Rxa2 31. Qxh5+ Kg8 32.
Rxb7 Qxb7 33. Qh8+ Kf7 34. Qh7# 1-0

[Event "*** Qualifier 1: Titled Tuesday 3|2 Blitz"]
[Site "Chess.com"]
[Date "2017.04.04"]
[Round "2"]
[White "Maung-Mg-KZH"]
[Black "danyuffa"]
[Result "1-0"]
[WhiteElo "2293"]
[BlackElo "2507"]
[TimeControl "180+2"]
[EndTime "13:23:29 PDT"]
[Termination "Maung-Mg-KZH won by resignation"]

1. Nf3 Nf6 2. c4 c6 3. Nc3 d5 4. d4 a6 5. cxd5 cxd5 6. Bf4 Nc6 7. Rc1 e6 8. e3 Be7 9. Bd3 O-O 10. O-O Bd7 11.
Ne5 Rc8 12. Qf3 Nxe5 13. dxe5 Ne8 14. Rc2 Bc6 15. Rfc1 g6 16. Qh3 Ng7 17. a3 d4 18.
exd4 Qxd4 19. Ne2 Qd7 20. Rd2 Bd5 21. Nc3 Qc6 22. Rdc2 Bb3 23. Nd5 Bxd5 24. Rxc6 Bxc6 25. Qe3 Rfd8 26. g4 h5 27. h3 Rd7 28. Be4 Rdc7 29. Bxc6 Rxc6 30. Rxc6 Rxc6 31. Qa7 Rc4 32. Qb8+ Kh7 33.
Qxb7 Rxf4 34. Qxe7 hxg4 35. hxg4 Rxg4+ 36. Kf1 Kg8 37.
Qd8+ Kh7 38. Qa5 Nf5 39. Qxa6 g5 40. b4 Rf4 41. b5 g4 42. b6 g3 43. Qe2 Rh4 44. b7 Rh1+ 45. Kg2 Rb1 46. Qh5+ Kg7 47.
Qg4+ Kh6 48. Qb4 1-0

[Event "*** Qualifier 1: Titled Tuesday 3|2 Blitz"]
[Site "Chess.com"]
[Date "2017.04.04"]
[Round "2"]
[White "PlotnikovPavel"]
[Black "Rock700chess"]
[Result "0-1"]
[WhiteElo "2300"]
[BlackElo "2213"]
[TimeControl "180+2"]
[EndTime "13:23:29 PDT"]
[Termination "Rock700chess won on time"]

1. e4 e6 2. d4 d5 3. Nc3 Nf6 4.
Bg5 Be7 5. e5 Nfd7 6. Bxe7 Qxe7 7. f4 O-O 8. Nf3 a6 9. Bd3 h6 10. Qd2 b5 11. f5 b4 12. Ne2 exf5 13. Nf4 Bb7 14. Bxf5 c5 15. O-O-O c4 16. e6 fxe6 17. Bxe6+ Kh7 18. Qe3 Nc6 19. Nxd5 Qd6 20. Qe4+ g6 21. h4 Ne7 22. Ng5+ Kh8 23. Nf7+ Rxf7 24. Bxf7 Nxd5 25.
h5 g5 26. Rde1 Qf4+ 27. Qxf4 Nxf4 28. Re7 Rd8 29. Bxc4 Bxg2 30. Rhe1 Nf6 31. Rf7 N6xh5 32. Ree7 Bd5 33. Bxa6 Bxf7 34. Rxf7 Rxd4 0-1

[Event "*** Qualifier 1: Titled Tuesday 3|2 Blitz"]
[Site "Chess.com"]
[Date "2017.04.04"]
[Round "2"]
[White "VerdeNotte"]
[Black "Rodalquilar"]
[Result "1-0"]
[WhiteElo "2586"]
[BlackElo "2564"]
[TimeControl "180+2"]
[EndTime "13:23:30 PDT"]
[Termination "VerdeNotte won by resignation"]

1. g3 d5 2. Nf3 Nf6 3. Bg2 e6 4.
b3 Be7 5. Bb2 O-O 6. O-O a5 7.
d3 a4 8. Nbd2 b6 9. e4 dxe4 10. dxe4 Bb7 11. Qe2 a3 12. Be5 Nc6 13. Bf4 Nb4 14. Rfd1 Qc8 15. c3 Ba6 16. Nc4 Nc6 17.
Qc2 b5 18. Nce5 Nxe5 19. Nxe5 Bb7 20. Qe2 b4 21. cxb4 Bxb4 22. Rac1 Rd8 23. Rxd8+ Qxd8 24. Nxf7 Kxf7 25. Rxc7+ Qxc7 26. Bxc7 Rc8 27. Bf4 e5 28. Qb5 Rc7 29. Bxe5 Rc1+ 30. Bf1 Bxe4 31. Bxf6 gxf6 32. Qxb4 Bd3 33. Qd2 Rxf1+ 34. Kg2 Ra1 35. Qxd3 Rxa2 36. b4 Ra1 37. Qc3 Ra2 38. Qb3+ 1-0

[Event "*** Qualifier 1: Titled Tuesday 3|2 Blitz"]
[Site "Chess.com"]
[Date "2017.04.04"]
[Round "2"]
[White "stepanosinovsky"]
[Black "capatl"]
[Result "0-1"]
[WhiteElo "2188"]
[BlackElo "2351"]
[TimeControl "180+2"]
[EndTime "13:23:37 PDT"]
[Termination "capatl won on time"]

1. e4 c6 2. d3 d5 3. Nd2 g6 4. g3 Bg7 5. Bg2 dxe4 6. dxe4 Nd7 7. Ngf3 Qc7 8. O-O Ngf6 9. Nc4 Ng4 10. Bf4 e5 11. Nd6+ Ke7 12. Bg5+ f6 13. Nxc8+ Raxc8 14. Bd2 Nh6 15. Qe2 Nf7 16. h4 Rhd8 17. h5 Nd6 18. Nh4 g5 19. Qg4 Nf8 20. f4 exf4 21. gxf4 h6 22. e5 Ne8 23. Bc3 Qd7 24. Nf5+ Kf7 25. Rad1 Qe6 26. fxg5 hxg5 27. h6 Bh8 28. Qh5+ Ng6 29. Rxd8 Rxd8 30. Bh3 Qc4 0-1

[Event "*** Qualifier 1: Titled Tuesday 3|2 Blitz"]
[Site "Chess.com"]
[Date "2017.04.04"]
[Round "2"]
[White "Indianlad"]
[Black "filali-oujda"]
[Result "1-0"]
[WhiteElo "2554"]
[BlackElo "2261"]
[TimeControl "180+2"]
[EndTime "13:23:41 PDT"]
[Termination "Indianlad won on time"]

1. d4 c6 2. e4 d5 3. e5 c5 4. dxc5 Nc6 5. a3 Nxe5 6. Bb5+ Nc6 7. b4 Nf6 8. Bb2 a5 9. Nf3 Bd7 10. O-O axb4 11. Bxc6 Bxc6 12. axb4 e6 13. Rxa8 Qxa8 14.
Bxf6 gxf6 15. Nd4 Be7 16. Re1 Qa2 17. b5 Bd7 18. c6 bxc6 19. bxc6 Bc8 20. Nc3 Qc4 21.
Ncb5 e5 22. Na7 Qa6 23. Nxc8 Qxc8 24. Qf3 exd4 25. Qxf6 O-O 26. Rxe7 Qa6 27. Qg5+ Kh8 28. Qf6+ Kg8 29. h4 Qa1+ 30. Kh2 Qc1 31. c7 Qxc2 32.
Qxd4 Rc8 33. Qf4 Qg6 34. Re3 Kf8 35. Qb4+ 1-0

[Event "*** Qualifier 1: Titled Tuesday 3|2 Blitz"]
[Site "Chess.com"]
[Date "2017.04.04"]
[Round "2"]
[White "SmarterChess"]
[Black "Quiet_Desperation"]
[Result "0-1"]
[WhiteElo "2119"]
[BlackElo "2094"]
[TimeControl "180+2"]
[EndTime "13:23:41 PDT"]
[Termination "Quiet_Desperation won by resignation"]

1. e4 Nc6 2. Nf3 d6 3. Nc3 Nf6 4. h3 e5 5. d4 exd4 6. Nxd4 Be7 7. Be3 O-O 8. Be2 Ne5 9. O-O a6 10. f4 Ng6 11. Nf3 b5 12. a3 Bb7 13. Bd3 c5 14. e5 dxe5 15. Bxg6 hxg6 16. fxe5 Ne4 17.
Nxe4 Bxe4 18. Qe2 Qd5 19. Rad1 Bxf3 20. Qxf3 Qxe5 21. c3 Bg5 22. Bxg5 Qxg5 23. Rd5 Qe7 24. Rfd1 Rad8 25. Kh2 Rxd5 26. Qxd5 Re8 27. b4 c4 28. Qd6 Qxd6+ 29. Rxd6 Ra8 30. Kg3 Kf8 31. Kf4 Ke7 32. Rb6 Ra7 33. g4 f6 34. Ke4 Kf7 35. Kd5 g5 36. Kc5 Rc7+ 37. Kd6 Ra7 38. Kc6 g6 39. Kc5 f5 40. gxf5 gxf5 41. Kd5 Re7 42. Rxa6 f4 43. Rh6 f3 44. Rh7+ Kf6 45. Rh8 f2 46. Rf8+ Rf7 47. Rxf7+ Kxf7 0-1

[Event "*** Qualifier 1: Titled Tuesday 3|2 Blitz"]
[Site "Chess.com"]
[Date "2017.04.04"]
[Round "2"]
[White "yian123"]
[Black "keisyzrk"]
[Result "1-0"]
[WhiteElo "2388"]
[BlackElo "2237"]
[TimeControl "180+2"]
[EndTime "13:23:45 PDT"]
[Termination "yian123 won by resignation"]

1. e4 e5 2. Nf3 Nc6 3. Bb5 a6 4.
Ba4 Nge7 5. c3 g6 6. d4 exd4 7.
cxd4 b5 8. Bc2 Bg7 9. d5 Na5 10.
Bd2 Nc4 11. Bc3 Nxb2 12. Qc1 Bxc3+ 13. Nxc3 Nc4 14. Bd3 d6 15. Bxc4 bxc4 16. O-O Bg4 17. Nd2 O-O 18. Nxc4 f5 19. f3 Bh5 20. exf5 gxf5 21. Re1 Bg6 22. Qf4 Qd7 23. Na5 Rae8 24. Nb3 Bf7 25. Qg5+ Ng6 26. Nd4 f4 27. Nc6 Rxe1+ 28.
Rxe1 Re8 29. Re4 Kh8 30. h4 Ne5 31. Qf6+ Kg8 32. Nxe5 dxe5 33. Rxe5 Rxe5 34. Qxe5 Qd6 35. Qxd6 cxd6 36. Ne4 Bxd5 37. Nf6+ Kf7 38. Nxd5 Ke6 39. Nxf4+ Ke5 40. Ne2 1-0

[Event "*** Qualifier 1: Titled Tuesday 3|2 Blitz"]
[Site "Chess.com"]
[Date "2017.04.04"]
[Round "2"]
[White "IamSchrodingersCat"]
[Black "CalinGheorghiu"]
[Result "1-0"]
[WhiteElo "2382"]
[BlackElo "2240"]
[TimeControl "180+2"]
[EndTime "13:23:46 PDT"]
[Termination "IamSchrodingersCat won by resignation"]

1. e4 c5 2. Nf3 d6 3. d4 cxd4 4.
Nxd4 Nf6 5. Nc3 a6 6. Be2 e5 7.
Nb3 Be7 8. g4 h6 9. Be3 Be6 10.
Bf3 Nbd7 11. Qe2 Qc7 12. O-O-O b5 13. h4 b4 14. Nd5 Bxd5 15. exd5 e4 16. Bg2 a5 17. g5 a4 18. gxf6 axb3 19. fxg7 Rg8 20. axb3 Rxg7 21. Bxe4 Nc5 22. Qb5+ Kd8 23. Bxc5 dxc5 24.
Kb1 Qa7 25. Qa4 Qb8 26. Qc6 Qa7 27. Qa4 Qb8 28. Qc6 Qa7 29. Kc1 Rc8 30. Qxh6 Rg4 31. Bf5 Rd4 32. Qh8+ Kc7 33. Qxc8+ Kb6 34. Qc6+ Ka5 35.
Rxd4 cxd4 36. Bd7 Qc5 37. Qxc5+ Bxc5 38. h5 1-0

[Event "*** Qualifier 1: Titled Tuesday 3|2 Blitz"]
[Site "Chess.com"]
[Date "2017.04.04"]
[Round "2"]
[White "Outsmiter"]
[Black "saraswathii"]
[Result "0-1"]
[WhiteElo "2101"]
[BlackElo "2172"]
[TimeControl "180+2"]
[EndTime "13:23:52 PDT"]
[Termination "saraswathii won by resignation"]

1. e4 c5 2. Nc3 e6 3. f4 d5 4.
Bb5+ Bd7 5. exd5 Bxb5 6. Nxb5 exd5 7. Nf3 Nf6 8. O-O Nc6 9. Ne5 d4 10. Qe2 Be7 11. Re1 O-O 12. Nxc6 bxc6 13. Qxe7 Qxe7 14. Rxe7 cxb5 15. d3 Rfe8 16. Rxe8+ Rxe8 17. Bd2 Re2 18. Rd1 Ng4 19. Re1 Rxe1+ 20. Bxe1 Ne3 21. c3 Nd1 22. cxd4 cxd4 23. Bf2 Nxb2 24. Bxd4 Nxd3 25. Bxa7 Nxf4 26.
Kf2 f5 27. g3 Nd5 28. Kf3 Kf7 29. Bc5 Ke6 30. a3 g6 31. h3 Nc3 32. g4 Ne4 33. Bb4 Ng5+ 34. Kg3 Ne4+ 35. Kf3 Ke5 36. Ke3 f4+ 37. Kf3 Ng5+ 38. Kg2 Ke4 39. h4 f3+ 40. Kf2 Nf7 41. Bc5 Ne5 42. Kg3 Nd3 43. Bb6 f2 44. Kg2 Kf4 45. h5 g5 46. h6 Kxg4 47.
Be3 Kh5 0-1

[Event "*** Qualifier 1: Titled Tuesday 3|2 Blitz"]
[Site "Chess.com"]
[Date "2017.04.04"]
[Round "2"]
[White "VSERGUEI"]
[Black "penguingm1"]
[Result "1/2-1/2"]
[WhiteElo "2574"]
[BlackElo "2591"]
[TimeControl "180+2"]
[EndTime "13:23:53 PDT"]
[Termination "Game drawn by agreement"]

1. d4 d5 2. c4 e6 3. Nc3 Be7 4.
cxd5 exd5 5. Bf4 c6 6. e3 Bf5 7.
Bd3 Bxd3 8. Qxd3 Nf6 9. Nf3 O-O 10. h3 Bd6 11. Bxd6 Qxd6 12. Ne5 Nfd7 13. f4 f6 14. Nf3 Re8 15. O-O Nb6 16. Rae1 N8d7 17. f5 Re7 18.
Ne2 Nc4 19. Nf4 Nxb2 20. Qb3 Nc4 21. Qxb7 Ndb6 22. Qa6 Nxe3 23. Ne6 Nxf1 24. Rxf1 Rxe6 25. fxe6 Qxe6 26. Re1 Qd7 27. a4 Nc4 28. a5 Qc8 29.
Qxc8+ Rxc8 30. a6 Kf7 31. Rb1 Nd6 32. Nd2 Nb5 33. Nb3 Rb8 34. Na5 Rb6 35. Nxc6 Rxc6 36.
Rxb5 Rxa6 37. Rxd5 Ke6 38. Rb5 g6 39. Kf2 Ra3 40.
h4 a5 41. g4 a4 42. Ra5 f5 43. gxf5+ gxf5 44. h5 f4 45. h6 Kf6 46. d5 Ke5 47.
Ra7 Rh3 48. Rxh7 a3 49. Ra7 Kxd5 50. h7 Ke4 51. Ra4+ Kf5 52. Rxa3 Rxh7 53. Ra8 Rh2+ 54. Kf3 Rh3+ 55. Kf2 Rb3 56. Rf8+ Ke5 57. Re8+ Kd6 58.
Rf8 Rb4 59. Kf3 Ke5 1/2-1/2